 Dungeon Crawl Stone Soup version 0.29-a0-885-gb26ba3297d (webtiles) character file.

Game seed: 4737389210890313882

9 gobodom the Chiller (level 2, -1/19 HPs)
             Began as a Demonspawn Ice Elementalist on July 20, 2022.
             Slain by a gnoll
             ... wielding a +0 spear
              (8 damage)
             ... on level 1 of the Dungeon.
             The game lasted 00:00:52 (251 turns).

gobodom the Chiller (Demonspawn Ice Elementalist)    Turns: 251, Time: 00:00:52

Health: -1/19      AC:  2    Str:  8    XL:     2   Next: 3%
Magic:  0/5        EV: 12    Int: 16    God:
Gold:   9          SH:  0    Dex: 13    Spells: 4/5 levels left

rFire   . . .      SeeInvis .   (no weapon)
rCold   . . .      Faith    .   (no shield)
rNeg    . . .      Spirit   .   a - +0 robe
rPois   .          Reflect  .   (no helmet)
rElec   .          Harm     .   (no cloak)
rCorr   .          Rampage  .   (no gloves)
Will    .....                   (no boots)
Stlth   ++........              (no amulet)
HPRegen 0.06/turn               (no ring)
MPRegen 0.09/turn               (no ring)

@: no status effects
A: spiny 1
a: no special abilities


You were on level 1 of the Dungeon.
You visited 1 branch of the dungeon, and saw 1 of its levels.

You collected 9 gold pieces.

Inventory:

Armour
 a - a +0 robe (worn)
Scrolls
 c - a scroll of torment {unknown}
 d - a scroll of enchant weapon {unknown}
Potions
 b - a potion of magic


   Skills:
 + Level 1.8 Dodging
 + Level 1.8 Stealth
 + Level 2.1 Spellcasting
 + Level 3.9 Ice Magic


You had 4 spell levels left.
You knew the following spells:

 Your Spells              Type           Power      Damage    Failure   Level
a - Freeze                Ice            56%        1d7       4%          1

Your spell library contained the following spells:

 Spells                   Type           Power      Damage    Failure   Level
 Frozen Ramparts          Ice            28%        1d4       12%         3
 Ozocubu's Armour         Ice            14%        N/A       12%         3
 Hailstorm                Conj/Ice       8%         3d4       65%         4


Dungeon Overview and Level Annotations

Branches:
Dungeon (1/15)

Altars:


Innate Abilities, Weirdness & Mutations

You are partially covered in sharp spines.


Message History

You freeze the dart slug.
You kill the dart slug!
You start resting.
Magic restored.
You start resting.
HP restored.
A ball python comes into view.
The endoplasm quivers.
You freeze the endoplasm.
You kill the endoplasm!
Magic restored.
A goblin comes into view. It is wielding a +0 club.
Found a scroll labelled VIMPO XICZA.
d - a scroll labelled CERUYD JOALL The goblin shouts!
You hear a shout!
You hear an angry hiss.
A gnoll comes into view. It is wielding a +0 spear.
You freeze the goblin.
The goblin is severely wounded.
The goblin hits you with a +0 club.
You freeze the goblin.
You kill the goblin!
You have reached level 2!
Your demonic ancestry asserts itself...
Sharp spines emerge from parts of your body.
The gnoll hits you from afar with a +0 spear!
A rat comes into view.
Things that are here:
a +0 club; a goblin corpse An endoplasm and a ball python come into view.
Found 4 stones.
A frilled lizard comes into view.
The gnoll misses you.
You freeze the gnoll.
The gnoll is lightly wounded.
The frilled lizard hisses angrily.
The ball python hisses angrily.
The gnoll hits you with a +0 spear.
You hit the gnoll.
The gnoll is lightly wounded.
The gnoll hits you with a +0 spear!
You die...

................# .......
................###.......
..........................
...#.............#######..
##+#................
.............#.#####
.#.................#
#.................#
#..........)@.....#
#........####g......
##.......# .......
#...?...# (......
.......... ...r...
.......... l.S....
......... .....J. .......
.......


You could see a gnoll, an endoplasm, a ball python, a frilled lizard and a rat.

Vanquished Creatures
  A dart slug (D:1)
  2 endoplasms (D:1)
  A goblin (D:1)
  A hobgoblin (D:1)
  A rat (D:1)
6 creatures vanquished.

Notes
Turn   | Place    | Note
-------+----------+-------------------------------------------
     0 | D:1      | gobodom the Demonspawn Ice Elementalist began the quest for
                  | the Orb.
     0 | D:1      | Reached XP level 1. HP: 13/13 MP: 3/3
   248 | D:1      | Gained mutation: You are partially covered in sharp spines.
                  | [demonic ancestry]
   248 | D:1      | Reached XP level 2. HP: 17/19 MP: 1/5
   251 | D:1      | Slain by a gnoll

Illustrated notes

Levels and vault maps discovered:
D:1:      dpeg_arrival_rhombus, layout_basic,
          shapermc_ecumenical_altar_hornbeckon

Action                   || total
-------------------------++-------
Melee: Unarmed           ||     1
 Cast: Freeze            ||    10
Armor: Robe              ||     2
Dodge: Dodged            ||     4

Table legend: (Time is in decaauts)
 A = Elapsed time spent in this place.
 B = Non-inter-level travel time spent in this place.
 C = Inter-level travel time spent in this place.
 D = Time resting spent in this place.
 E = Time spent auto-exploring this place.
 F = Levels seen in this place.
 G = Mean time per level.
                   A        B        C        D        E       F      G
               +--------+--------+--------+--------+--------+-----+--------+
         Total |    251 |    251 |      0 |     38 |    146 |   1 |  251.0 |
       Dungeon |    251 |    251 |      0 |     38 |    146 |   1 |  251.0 |
               +--------+--------+--------+--------+--------+-----+--------+

Top non-repeatable levels by time:
     D:1: 251 daAuts
